 Dungeon Crawl Stone Soup version 0.29-a0-925-g0a7a3d12f8 (webtiles) character file.

Game seed: 5634510520252130472

3740 omnesmortales the Cleaver (level 10, -8/135 HPs)
             Began as a Hill Orc Fighter on July 28, 2022.
             Was a Follower of Trog.
             Mangled by an orc knight
             ... wielding a +0 glaive
              (17 damage)
             ... in a bailey.
             The game lasted 00:55:43 (10070 turns).

omnesmortales the Cleaver (Hill Orc Fighter)       Turns: 10070, Time: 00:55:44

Health: -8/135     AC: 11    Str: 30    XL:     10   Next: 15%
Magic:  19/19      EV: 10    Int: 14    God:    Trog [*.....]
Gold:   310        SH:  5    Dex: 10    Spells: 9/9 levels left

rFire   + . .      SeeInvis .   a - +3 war axe (freeze)
rCold   + + .      Faith    .   c - +0 buckler
rNeg    . . .      Spirit   .   j - +2 ring mail {rF+}
rPois   .          Reflect  .   (no helmet)
rElec   .          Harm     .   J - scarf {repulsion}
rCorr   .          Rampage  .   h - +0 pair of gloves
Will    .....                   E - +0 pair of boots
Stlth   ..........              (no amulet)
HPRegen 0.32/turn               B - ring "Puqem" {rC++ MP+9 Int+6}
MPRegen 0.16/turn               C - +6 ring of strength

@: berserking (expiring), repel missiles, very quick
A: no striking features
a: Renounce Religion, Berserk


You were in a bailey.
You worshipped Trog.
Trog was aware of your devotion.
You visited 2 branches of the dungeon, and saw 9 of its levels.
You also visited: Sewer and Bailey.

You collected 335 gold pieces.
You donated 25 gold pieces to Zin.

Inventory:

Hand Weapons
 a - a +3 war axe of freezing (weapon)
 b - a +1 dagger of holy wrath
 v - a +1 whip of flaming
Missiles
 e - 46 stones
 m - 19 poisoned darts
 x - a throwing net
 H - 4 javelins (quivered)
Armour
 c - a +0 buckler (worn)
 h - a +0 pair of gloves (worn)
 j - a +2 ring mail of fire resistance (worn)
 l - a +0 cloak
 E - a +0 pair of boots (worn)
 J - a scarf of repulsion (worn)
 L - the +0 ring mail "Pier" {rC+}
   (You found it on level 6 of the Dungeon)

   rC:        It protects you from cold.
Magical Staves
 z - a staff of conjuration
Jewellery
 i - a ring of ice
 o - a ring of magical power
 q - a ring of willpower
 B - the ring "Puqem" (left hand) {rC++ MP+9 Int+6}
   (You found it in a sewer)

   [ring of intelligence]

   Int:       It affects your intelligence (+6).
   rC:        It greatly protects you from cold.
   MP:        It affects your magic capacity (+9).
 C - a +6 ring of strength (right hand)
 D - a ring of protection from fire
Wands
 s - a wand of iceblast (3)
 t - a wand of digging (3)
 A - a wand of polymorph (8)
 M - a wand of paralysis (8)
Scrolls
 n - 3 scrolls of blinking
 p - 3 scrolls of teleportation
 y - 2 scrolls of amnesia
 K - a scroll of immolation
 N - a scroll of poison
 O - a scroll of magic mapping
Potions
 d - 3 potions of might
 f - 2 potions of flight
 g - a potion of brilliance
 k - a potion of haste
 r - 2 potions of mutation
 u - 2 potions of magic
 w - 3 potions of ambrosia
 F - 2 potions of curing
 I - 2 potions of resistance
 P - a potion of attraction {unknown}


   Skills:
 + Level 8.9 Fighting
 * Level 10.4 Axes
 + Level 2.3 Throwing
 + Level 8.1 Armour
 + Level 8.1 Shields


You had 9 spell levels left.
You didn't know any spells.
Your spell library contained the following spells:

 Spells                   Type           Power      Damage    Failure   Level
 Shock                    Conj/Air       0%         1d3       43%         1
 Ozocubu's Armour         Ice            0%         N/A       82%         3
 Swiftness                Air            0%         N/A       82%         3
 Airstrike                Air            0%         0-1+      99%         4
 Metabolic Englaciation   Hex/Ice        0%         N/A       100%        5
 Simulacrum               Ice/Necr       0%         N/A       100%        6
 Ozocubu's Refrigeration  Ice            0%         4d5       100%        7


Dungeon Overview and Level Annotations

Branches:
Dungeon (8/15)             Temple (1/1) D:4           Sewer (visited)
 Bailey (1/1)
   Lair: D:8-11

Altars:
Ashenzari
Cheibriados
Dithmenos
Elyvilon
Fedhas
Gozag
Hepliaklqana
Kikubaaqudgha
Makhleb
Nemelex Xobeh
Okawaru
Qazlal
Ru
Sif Muna
Trog
Uskayaw
Vehumet
Wu Jian
Xom
Yredelemnul
Zin
The Shining One

Annotations:
D:7 exclusion: statue


Message History

An orc knight comes into view. It is wielding a +0 glaive.
The orc warrior closely misses you.
Things that are here:
a +0 spear; a +0 ring mail You slash the orc warrior!
You freeze the orc warrior.
The orc warrior is severely wounded.
The orc knight roars a battlecry!
The orc warriors go into a battle-frenzy!
The orc warrior hits you with a +0 glaive!!
You slash the orc warrior! You freeze the orc warrior.
You kill the orc warrior!
Trog accepts your kill.
The orc warrior hits you from afar with a +0 trident!!
Things that are here:
a +0 spear; a +0 ring mail; an orc corpse The orc warrior barely misses you.
There is a large open door here.
Throw: 6 javelins
Press: ? - help, Q - select action, (/) - cycle Shift-Dir - straight line, f - orc knight
Aim: an orc knight, wielding a +0 glaive and wearing a +0 chain mail (58% to hit)
You throw a javelin.
The javelin pierces through the orc knight.
The orc knight is lightly wounded.
Throw: 5 javelins
Press: ? - help, Q - select action, (/) - cycle Shift-Dir - straight line, f/p - orc knight
Aim: an orc knight, wielding a +0 glaive and wearing a +0 chain mail (lightly wounded, 58% to hit)
You throw a javelin.
The javelin closely misses the orc knight.
The javelin barely misses the orc warrior.
The orc knight hits you from afar with a +0 glaive!!
* * * LOW HITPOINT WARNING * * *
A red film seems to cover your vision as you go berserk!
You feel yourself moving faster!
You feel mighty!
The orc knight hits you from afar with a +0 glaive!!
* * * LOW HITPOINT WARNING * * *
The orc warrior closely misses you.
You are too berserk!
You feel a strong urge to attack something.
The orc knight hits you with a +0 glaive!
You die...

####..≈≈≈≈.
######.$#..≈≈≈≈≈
.o.(...#...≈≈≈≈.....###
....##...≈≈≈≈..♣♣...♣♣♣
#o.#....≈ ≈..♣......♣♣
#8)#...######.........♣
#..#...............∩..♣
#()'.o@...............♣
#..'.o................♣
#..#....).)........∩..♣
#8.#...######.........♣
#..#....≈≈≈≈.........♣♣
...##.♣.≈≈≈≈..♣....♣♣♣
.....#...≈≈≈≈.....###
####.$#..♣≈≈≈≈..♣.##
#..♣≈≈≈≈≈...#


You could see an orc knight and an orc warrior (strong).

Vanquished Creatures
  Pikel (D:5)
  2 water moccasins
  Duvessa (D:5)
  4 orc warriors
  A sky beast (D:6)
  A black bear (D:7)
  4 ogres
  A lemure (D:5)
  A gnoll sergeant (D:6)
  4 bullfrogs
  10 scorpions
  5 wights (D:6)
  Dowan (D:5)
  An electric eel (D:6)
  2 jellies
  3 orc priests (D:5)
  2 gnoll boudas
  2 hounds
  2 iguanas
  6 orc wizards
  8 adders
  17 gnolls
  A river rat (D:7)
  A white imp (D:6)
  An ufetubus (D:6)
  2 dart slugs
  20 orcs
  11 bats
  15 giant cockroaches
  4 goblins (D:1)
  9 hobgoblins
  2 jackals (D:4)
  6 kobolds
  10 quokkas
  12 ball pythons
  15 frilled lizards
  4 rats
192 creatures vanquished.

Vanquished Creatures (others)
  A gnoll (D:3)
  A frilled lizard (D:3)
  A rat (D:3)
  3 fungi (D:4)
6 creatures vanquished.

Grand Total: 198 creatures vanquished

Notes
Turn   | Place    | Note
-------+----------+-------------------------------------------
     0 | D:1      | omnesmortales the Hill Orc Fighter began the quest for the
                  | Orb.
     0 | D:1      | Reached XP level 1. HP: 19/19 MP: 1/1
   190 | D:1      | Reached skill level 3 in Axes
   190 | D:1      | Reached XP level 2. HP: 27/27 MP: 2/2
   460 | D:1      | Reached XP level 3. HP: 33/33 MP: 3/3
  1101 | D:2      | Found a faded altar of an unknown god.
  1162 | D:2      | Prayed at the altar of an unknown god.
  1162 | D:2      | Became a worshipper of Zin the Law-Giver
  1162 | D:2      | Reached * piety under Zin
  1490 | D:3      | Reached ** piety under Zin
  1578 | D:3      | Reached XP level 4. HP: 40/40 MP: 4/4
  2469 | D:4      | Found a glowing drain.
  2476 | D:4      | Reached skill level 4 in Axes
  2485 | Sewer    | Entered a sewer
  2554 | Sewer    | Reached XP level 5. HP: 43/47 MP: 5/5
  2842 | Sewer    | Reached skill level 5 in Fighting
  2998 | Sewer    | Identified the ring "Puqem" {rC++ MP+9 Int+6}
  3117 | D:4      | Found a shimmering altar of Xom.
  3118 | D:4      | Found a shimmering altar of Xom.
  3118 | D:4      | Found a shimmering altar of Xom.
  3120 | D:4      | Found a shimmering altar of Xom.
  3120 | D:4      | Found a shimmering altar of Xom.
  3120 | D:4      | Found a shimmering altar of Xom.
  3123 | D:4      | Found a shimmering altar of Xom.
  3289 | D:4      | Reached XP level 6. HP: 56/56 MP: 6/6
  3525 | D:4      | Reached skill level 5 in Axes
  3525 | D:4      | Reached skill level 5 in Shields
  3725 | D:4      | Found a staircase to the Ecumenical Temple.
  3744 | D:4      | Reached XP level 7. HP: 37/61 MP: 7/7
  3893 | Temple   | Entered the Ecumenical Temple
  4132 | D:4      | Reached skill level 5 in Armour
  4387 | D:4      | Reached skill level 6 in Axes
  4743 | D:4      | Reached XP level 8. HP: 36/71 MP: 8/8
  5338 | D:5      | Entered Level 5 of the Dungeon
  5810 | D:5      | Noticed Dowan
  5814 | D:5      | Noticed Duvessa
  5831 | D:5      | Killed Duvessa
  5832 | D:5      | Reached skill level 7 in Axes
  5841 | D:5      | Killed Dowan
  5914 | D:5      | Noticed Pikel
  5928 | D:5      | Killed Pikel
  5929 | D:5      | Reached XP level 9. HP: 58/80 MP: 9/9
  6261 | D:5      | Found a white marble altar of Elyvilon.
  6288 | D:5      | Reached skill level 8 in Axes
  6534 | D:5      | Reached *** piety under Zin
  6671 | D:6      | Identified the +0 ring mail "Pier" {rC+}
  7317 | D:6      | Found a bloodstained altar of Trog.
  7322 | D:6      | Fell from the grace of Zin
  7322 | D:6      | Became a worshipper of Trog the Wrathful
  7573 | D:6      | Reached skill level 9 in Axes
  7680 | D:6      | Reached * piety under Trog
  7718 | D:6      | Reached skill level 1 in Throwing
  8930 | D:7      | Found a burning altar of Makhleb.
  8930 | D:7      | Noticed an Executioner
  9226 | D:7      | Reached skill level 10 in Axes
  9226 | D:7      | Reached XP level 10. HP: 90/90 MP: 10/10
  9283 | D:7      | Found a blossoming altar of Fedhas.
  9573 | D:7      | Found a radiant altar of Vehumet.
  9758 | D:8      | Found a shadowy altar of Dithmenos.
  9861 | D:8      | Found a flagged portal.
  9870 | Bailey   | Entered a bailey
 10057 | Bailey   | Noticed an orc knight
 10070 | Bailey   | Mangled by an orc knight

Illustrated notes

Levels and vault maps discovered:
D:1:      tarquinn_simple_flora_water_c, layout_loops_ring
D:2:      layout_rooms, chequers_ecumenical_altar_island
D:3:      layout_basic, lemuel_old_faithful
D:4:      old_forge, layout_loops_corners, xom_redecorated,
          minmay_temple_entry_nine_rooms, portal_sewer_entry_f,
          grunt_ministairs_9, minmay_distorted
D:5:      layout_loops_ring, elyvilon_altar_5, nicolae_eternal_life,
          kennysheep_doodads, kennysheep_small_spiral,
          kennysheep_generic_room_8, uniq_pikel, uniq_duvessa
D:6:      layout_cave_pools, mainiacjoe_overflow_24_doors,
          kennysheep_another_room, corexii_shack
D:7:      layout_gridville, marbit_many_paths, vehumet_statue,
          makhleb_altar_promises_db
D:8:      layout_cave_pods, mainiacjoe_overflow_catwalk, enter_bailey_2,
          nrook_mini_vaults
Temple:   eino_narrow_crystal_temple
Bailey:   bailey_polearm_elven_captive_hellmonk, bailey

Skill      XL: |  1  2  3  4  5  6  7  8  9 10 |
---------------+-------------------------------+-----
Axes           | 3 4 5 6 7 10 | 10.4
Fighting       | 4 5 6 7 8 |  8.9
Shields        | 4 5 7 8 |  8.1
Armour         | 4 5 7 8 |  8.1
Throwing       | 1 2 |  2.3

Action                   |  1- 3 |  4- 6 |  7- 9 | 10-12 || total
-------------------------+-------+-------+-------+-------++-------
Melee: War axe           |   102 |   181 |   218 |    34 ||   535
       Whip              |       |       |     4 |       ||     4
Throw: Javelin           |       |       |    12 |     9 ||    21
Invok: Recite            |       |     1 |       |       ||     1
       Berserk           |       |       |       |     1 ||     1
Evoke: Wand              |       |       |     2 |       ||     2
  Use: Scroll            |     4 |     7 |     9 |     1 ||    21
       Potion            |       |     1 |     4 |       ||     5
Armor: Scale mail        |    11 |       |       |       ||    11
       Ring mail         |    58 |   105 |    97 |    13 ||   273
Dodge: Dodged            |    62 |   102 |   114 |    11 ||   289
       Repelled          |       |       |     1 |       ||     1
Block: Buckler           |    26 |    58 |    64 |     8 ||   156

Table legend: (Time is in decaauts)
 A = Elapsed time spent in this place.
 B = Non-inter-level travel time spent in this place.
 C = Inter-level travel time spent in this place.
 D = Time resting spent in this place.
 E = Time spent auto-exploring this place.
 F = Levels seen in this place.
 G = Mean time per level.
                   A        B        C        D        E       F      G
               +--------+--------+--------+--------+--------+-----+--------+
         Total |  10296 |  10033 |    263 |   3123 |   3178 |  11 |  936.0 |
       Dungeon |   9243 |   9000 |    243 |   2800 |   2925 |   8 | 1155.4 |
        Temple |    206 |    186 |     20 |      0 |    172 |   1 |  206.0 |
         Sewer |    645 |    645 |      0 |    173 |     80 |   1 |  645.0 |
        Bailey |    201 |    201 |      0 |    150 |      0 |   1 |  201.0 |
               +--------+--------+--------+--------+--------+-----+--------+

Top non-repeatable levels by time:
     D:4: 2201 daAuts
     D:6: 2076 daAuts
     D:5: 1340 daAuts
     D:3: 1082 daAuts
     D:7: 993 daAuts
     D:1: 840 daAuts
   Sewer: 645 daAuts
     D:2: 560 daAuts
  Temple: 206 daAuts
  Bailey: 201 daAuts
     D:8: 148 daAuts
